 Dungeon Crawl Stone Soup version 0.20-a0-949-g916514f (webtiles) character file.

34 AlphabetPasta the Grave Robber (level 3, -1/25 HPs)
             Began as a Barachi Necromancer on Apr 3, 2017.
             Slain by a jackal (2 damage)
             ... on level 2 of the Dungeon.
             The game lasted 00:05:27 (1116 turns).

AlphabetPasta the Grave Robber (BaNe)               Turns: 1116, Time: 00:05:27

Health: -1/25      AC:  3    Str: 15    XL:     3   Next: 31%
Magic:  1/7        EV: 12    Int: 15    God:
Gold:   52         SH:  0    Dex: 10    Spells: 5/7 levels left

rFire    . . .     SeeInvis .   g - +0 mace (protect)
rCold    . . .     Gourm    .   (no shield)
rNeg     . . .     Faith    .   m - +0 animal skin
rPois    .         Spirit   .   n - +0 helmet
rElec    .         Reflect  .   (no cloak)
rCorr    .         Harm     .   (no gloves)
MR       +....     Rnd*Rage +   (no boots)
Stlth    ++........             (no amulet)
Regen    0.0/turn               (no ring)
MPRegen  0.1/turn               (no ring)

@: mighty, slow
A: +LOS, swims, berserk 1, clumsy 1, magic resistance 1, slowness 1, inhibited
regeneration, strong legs 1
a: Hop


You were on level 2 of the Dungeon.
You were not hungry.

You visited 1 branch of the dungeon, and saw 2 of its levels.

You collected 52 gold pieces.

Inventory:

Hand Weapons
 d - a +0 short sword
 g - a +0 mace of protection (weapon)
Armour
 a - a +0 robe
 m - a +0 animal skin (worn)
 n - a +0 helmet (worn)
Scrolls
 j - 2 scrolls of remove curse
Books
 b - a book of Necromancy

   Spells                             Type                      Level
   a - Pain                           Necromancy                   1
   b - Animate Skeleton               Necromancy                   1
   c - Vampiric Draining              Necromancy                   3
   d - Regeneration                   Charms/Necromancy            3
   e - Animate Dead                   Necromancy                   4
   f - Control Undead                 Necromancy                   4
Comestibles
 c - 2 bread rations
 f - 2 chunks of flesh
 h - a royal jelly


   Skills:
 + Level 0.8 Fighting
 + Level 2.9 Dodging
 - Level 1.7 Stealth
 + Level 2.7 Spellcasting
 * Level 3.9 Necromancy


You had 5 spell levels left.
You knew the following spells:

 Your Spells              Type           Power        Failure   Level  Hunger
a - Pain                  Necr           ##..         4%          1    #......
b - Animate Skeleton      Necr           N/A          4%          1    #......


Dungeon Overview and Level Annotations

Branches:
Dungeon (2/15)

Altars:
Ru


Innate Abilities, Weirdness & Mutations

Shadows flee at your approach. (+LOS)
You can swim through water.
You cover ground slowly.
You can hop short distances.
You tend to lose your temper in combat.
You are clumsy. (Dex -2)
You are resistant to hostile enchantments. (MR+)
You do not regenerate when monsters are visible.


Message History

Press: ? - help, Shift-Dir - straight line, f - jackal
Aim: a jackal (lightly wounded, chance to defeat MR: 83%)
The jackal barely resists.
The jackal barely misses you.
It was a potion of mutation.
You feel extremely strange.
Your system partially rejects the healing effects of potions.
You feel genetically stable.
The jackal bites you but does no damage.
The jackal barely misses you.
You feel extremely strange.
Your system completely accepts the healing effects of potions.
You feel genetically unstable.
You feel a little pissed off.
You feel clumsy.
Your regeneration stops near monsters.
You feel resistant to hostile enchantments.
The jackal bites you but does no damage.
It was a potion of might.
You feel very mighty all of a sudden. The jackal bites you.
* * * LOW HITPOINT WARNING * * *
The jackal bites you.
You die...

##########.# #.#
#.# #.# #.#
#.###########
#...........#
####..########.#
#......@##
#.#######h#
#..≈≈≈h.#.#
..≈...≈h #.#
..≈._.≈. #.#
..≈...≈. ##
#..≈≈≈..
.#######


You could see a jackal.

Vanquished Creatures
  A worm (D:2)
  6 goblins
  2 hobgoblins (D:2)
  3 jackals (D:2)
  3 bats (D:1)
  A frilled lizard (D:1)
  2 kobolds (D:1)
  2 rats (D:1)
20 creatures vanquished.

Vanquished Creatures (collateral kills)
  Robin (D:1)
  A leopard gecko (D:1)
  A bat (D:1)
3 creatures vanquished.

Grand Total: 23 creatures vanquished

Notes
Turn   | Place    | Note
-------+----------+-------------------------------------------
     0 | D:1      | AlphabetPasta the Barachi Necromancer began the quest for the Orb.
     0 | D:1      | Reached XP level 1. HP: 13/13 MP: 3/3
     9 | D:1      | Learned a level 1 spell: Animate Skeleton
   397 | D:1      | Reached XP level 2. HP: 7/19 MP: 0/5
   861 | D:2      | Noticed Robin
   888 | D:1      | Killed Robin
   888 | D:1      | Reached XP level 3. HP: 10/24 MP: 2/7
  1095 | D:2      | Found a sacrificial altar of Ru.
  1114 | D:2      | Gained mutation: Potions are less effective at restoring your health. [potion of mutation]
  1114 | D:2      | Gained mutation: You are somewhat resistant to further mutation. [potion of mutation]
  1115 | D:2      | Lost mutation: Potions are less effective at restoring your health. [potion of mutation]
  1115 | D:2      | Lost mutation: You are somewhat resistant to further mutation. [potion of mutation]
  1115 | D:2      | Gained mutation: You tend to lose your temper in combat. [potion of mutation]
  1115 | D:2      | Gained mutation: You are clumsy. (Dex -2) [potion of mutation]
  1115 | D:2      | Gained mutation: You do not regenerate when monsters are visible. [potion of mutation]
  1115 | D:2      | Gained mutation: You are resistant to hostile enchantments. (MR+) [potion of mutation]
  1116 | D:2      | HP: 1/25 [jackal (2)]
  1116 | D:2      | Slain by a jackal

Vault maps used:
D:1:      dpeg_arrival_tiny_a, serial_bayou_pond_c
D:2:      nicolae_ru_awakened_eye, minmay_cupped, uniq_robin, uniq_jessica

Action                   || total
-------------------------++-------
Melee: Short sword       ||    15
       Mace              ||    36
 Cast: Pain              ||    22
       Animate Skeleton  ||     8
  Use: Potion            ||     3
       Scroll            ||     2
 Stab: Distracted        ||     1
       Sleeping          ||     1
  Eat: Chunk             ||     1
Armor: Robe              ||    18
       Animal skin       ||    17
Dodge: Dodged            ||    45
